 Dungeon Crawl Stone Soup version 0.23-a0-650-ga4d50d4 (console) character file.

734 bli the Covered (level 8, -5/61 HPs)
             Began as a Formicid Abyssal Knight on Jan 4, 2019.
             Was an Elder of Lugonu.
             Slain by an ice beast (12 damage)
             ... on level 5 of the Dungeon.
             The game lasted 00:22:01 (7830 turns).

bli the Covered (Formicid Abyssal Knight)           Turns: 7830, Time: 00:22:01

Health: -5/61      AC:  3    Str: 17    XL:     8   Next: 4%
Magic:  9/9        EV: 11    Int: 12    God:    Lugonu [****..]
Gold:   302        SH:  0    Dex: 12    Spells: 7/7 levels left

rFire    . . .     SeeInvis +   b - +0 dagger (flame)
rCold    . . .     Gourm    +   (no shield)
rNeg     . . .     Faith    .   v - +0 leather armour
rPois    .         Spirit   .   (helmet unavailable)
rElec    .         Reflect  .   (no cloak)
rCorr    .         Harm     .   (no gloves)
MR       .....                  (no boots)
Stlth    +.........             h - amulet of the gourmand
HPRegen  0.20/turn              i - ring of teleportation (curse)
MPRegen  0.11/turn              e - ring of flight

@: confused
A: permanent stasis, dig shafts and tunnels, four strong arms, antennae 3
a: Dig, Shaft Self, Depart the Abyss, Bend Space, Banish, Corrupt, Renounce
Religion, Evoke Flight


You were on level 5 of the Dungeon.
You worshipped Lugonu.
Lugonu was greatly pleased with you.
You were completely stuffed.

You visited 1 branch of the dungeon, and saw 5 of its levels.
You visited the Abyss 1 time.
You also visited: Sewer.

You collected 302 gold pieces.

Inventory:

Hand Weapons
 a - a +1 short sword of venom
 b - a +0 dagger of flaming (weapon)
 n - a +0 dagger
 p - a +1 falchion
 G - a +0 hunting sling
 M - a +0 blowgun
 P - a +1 trident of venom
 Q - a +0 mace of holy wrath
 R - a +0 hunting sling
Missiles
 l - 26 poisoned needles
 o - 177 stones (quivered)
 z - 25 sling bullets
 D - 4 tomahawks of returning
 E - 8 tomahawks of dispersal
 L - a curare-tipped needle
Armour
 k - a cursed +0 ring mail
 v - a +0 leather armour (worn)
 y - a +0 scale mail
 I - a +0 scale mail
 K - a +0 plate armour
Jewellery
 e - a ring of flight (right hand)
 h - an amulet of the gourmand (around neck)
 i - a cursed ring of teleportation (left hand)
 B - an uncursed amulet of harm {unknown}
Wands
 w - a wand of polymorph (8)
Scrolls
 d - 3 scrolls of identify {unknown}
 f - a scroll of fog {unknown}
 g - a scroll of fear {unknown}
 j - 2 scrolls of amnesia {unknown}
 m - 6 scrolls of teleportation {unknown}
 q - 2 scrolls of random uselessness {unknown}
 A - 5 scrolls of remove curse {unknown}
 C - a scroll of enchant armour {unknown}
 H - 2 scrolls of immolation {unknown}
 T - a scroll of vulnerability {unknown}
Potions
 s - a potion of degeneration {unknown}
 t - a potion of lignification {unknown}
 u - 4 potions of curing
 x - a potion of might {unknown}
 F - 3 potions of agility
 J - 6 potions of flight {unknown}
 N - 4 potions of brilliance {unknown}
 O - 3 potions of heal wounds {unknown}
Comestibles
 c - 9 rations
 S - 2 chunks of flesh


   Skills:
 + Level 4.6 Fighting
 * Level 4.6(5.4) Short Blades
 + Level 4.0(5.0) Long Blades
 + Level 5.2 Armour
 + Level 1.2 Dodging
 + Level 1.3 Stealth
 + Level 2.1 Invocations
 + Level 0.3 Evocations


You had 7 spell levels left.
You didn't know any spells.
Your spell library was empty.

Dungeon Overview and Level Annotations

Branches:
Dungeon (5/15)
 Temple: D:4-7

Altars:
Cheibriados
Okawaru
Ru
Uskayaw
Wu Jian


Innate Abilities, Weirdness & Mutations

You cannot be hasted, slowed, berserked, paralysed or teleported.
You can dig through walls and to a lower floor.
Your four strong arms can wield two-handed weapons with a shield.
You have a pair of large antennae on your head. (SInv)


Message History

You hit the ice beast but do no damage.
The ice beast is heavily wounded.
The ice beast hits you. The ice beast freezes you!
You hit the ice beast.
You melt the ice beast.
The ice beast is heavily wounded.
You completely miss the ice beast.
The ice beast is heavily wounded.
The ice beast hits you.
* * * LOW HITPOINT WARNING * * *
The ice beast freezes you!
* * * LOW HITPOINT WARNING * * *
You hit the ice beast.
You melt the ice beast.
The ice beast is severely wounded.
The ice beast misses you.
It was a potion of ambrosia.
You are confused.
You feel invigorated. The ice beast hits you.
* * * LOW HITPOINT WARNING * * *
The ice beast freezes you!
You die...

##..#####.. #..........
##.......... ..(.###
#...........
.(...###...........
..(%..#............
.(................
.(........<.......
#...............## #.
##Y............###
#...##.@##............#
#.......##............##
..#####.##..............
#.................
##................
##................
#.................
##.#....รท........[.
###..................
......................
......................


You could see an ice beast.

Vanquished Creatures
  Sigmund (D:4)
  2 big kobolds (Sewer)
  An orc priest (D:4)
  Jessica (D:2)
  An iguana (D:5)
  Natasha (D:3)
  9 river rats
  12 adders
  An ooze (Sewer)
  4 worms
  A dart slug (D:2)
  2 leopard geckos (D:3)
  8 orcs
  6 giant cockroaches
  11 goblins
  11 hobgoblins
  6 jackals
  22 kobolds
  A quokka (D:2)
  7 ball pythons
  6 bats
  7 frilled lizards
  A jackal skeleton (D:4)
  45 rats
167 creatures vanquished.

Notes
Turn   | Place    | Note
-------+----------+-------------------------------------------
     0 | Abyss:1  | bli the Formicid Abyssal Knight began the quest for the
                  | Orb.
     0 | Abyss:1  | Reached XP level 1. HP: 18/18 MP: 2/2
     1 | Abyss:1  | Found a corrupted altar of Lugonu.
    10 | Abyss:1  | Found a corrupted altar of Lugonu.
    45 | Abyss:2  | Found a corrupted altar of Lugonu.
    52 | Abyss:3  | Found a corrupted altar of Lugonu.
    73 | Abyss:3  | Noticed a sixfirhy
   100 | Abyss:3  | Noticed a manticore zombie
   106 | D:1      | Escaped the Abyss
   425 | D:1      | Reached * piety under Lugonu
   425 | D:1      | Reached XP level 2. HP: 23/24 MP: 3/3
   486 | D:1      | Reached skill level 3 in Armour
   743 | D:1      | Reached XP level 3. HP: 25/29 MP: 4/4
  1280 | D:2      | Found an ornate altar of the Wu Jian Council.
  1292 | D:2      | Noticed Jessica
  1299 | D:2      | Killed Jessica
  1299 | D:2      | Reached skill level 4 in Armour
  1299 | D:2      | Reached XP level 4. HP: 20/35 MP: 5/5
  1362 | D:2      | Found a hide-covered altar of Uskayaw.
  1362 | D:2      | Found a snail-covered altar of Cheibriados.
  1594 | D:2      | Reached ** piety under Lugonu
  2288 | D:2      | Reached XP level 5. HP: 12/41 MP: 6/6
  3771 | D:3      | Noticed Natasha
  3782 | D:3      | Killed Natasha
  3782 | D:3      | Reached skill level 1 in Short Blades
  3782 | D:3      | Reached skill level 1 in Dodging
  4197 | D:4      | Reached XP level 6. HP: 41/47 MP: 7/7
  4204 | D:4      | Found a glowing drain.
  4428 | Sewer    | Entered a sewer
  4763 | Sewer    | Reached *** piety under Lugonu
  5779 | Sewer    | Reached skill level 5 in Armour
  5779 | Sewer    | Reached XP level 7. HP: 37/53 MP: 8/8
  6804 | D:4      | Reached skill level 1 in Stealth
  6915 | D:4      | Reached **** piety under Lugonu
  7338 | D:4      | Noticed Sigmund
  7352 | D:4      | Killed Sigmund
  7427 | D:4      | Found a sacrificial altar of Ru.
  7642 | D:5      | Entered Level 5 of the Dungeon
  7642 | D:5      | Found an iron altar of Okawaru.
  7720 | D:5      | Found an iron altar of Okawaru.
  7747 | D:5      | Reached XP level 8. HP: 58/61 MP: 9/9
  7830 | D:5      | Slain by an ice beast

Vault maps used:
D:1:      lemuel_arrival_funnel, serial_bayou_lake_a
D:2:      lemuel_crystal_altar, chequers_temple_overflow_statue_of_worship,
          uniq_jessica
D:3:      uniq_natasha
D:4:      nicolae_ru_awakened_eye, gup_sewer_entry_glass, serial_park_tiny_1,
          dk_rats_in_the_wall, uniq_sigmund
D:5:      okawaru_gym_becter, first_ration, basic_altar,
          nicolae_ashenzari_panopticon, uniq_edmund
Abyss:1:  eino_small_chamber_without_monster
Abyss:3:  nicolae_abyss_rune_star_stuff
Sewer:    sewer_minmay_treatment

Skill      XL: |  1  2  3  4  5  6  7 |
---------------+----------------------+-----
Armour         | 3 4 5 |  5.2
Long Blades    | 3 4 |  4.0
Short Blades   | 1 3 4 |  4.6
Dodging        | 1 |  1.2
Fighting       | 4 |  4.6
Stealth        | 1 |  1.3
Invocations    | |  2.1
Evocations     | |  0.3

Action                   |  1- 3 |  4- 6 |  7- 9 || total
-------------------------+-------+-------+-------++-------
Melee: Falchion          |    81 |    67 |       ||   148
       Dagger            |       |   334 |    22 ||   356
       Short sword       |       |       |   126 ||   126
Throw: Stone             |     3 |    88 |    20 ||   111
Invok: Depart the Abyss  |     1 |       |       ||     1
 Abil: Dig               |     3 |     1 |     1 ||     5
Evoke: Wand              |       |     5 |     2 ||     7
  Use: Potion            |       |     4 |     1 ||     5
  Eat: Chunk             |    10 |    15 |     7 ||    32
Armor: Leather armour    |    18 |    81 |    16 ||   115
Dodge: Dodged            |    59 |   223 |    61 ||   343
       Rpst.: Falchion   |    18 |    12 |       ||    30

Table legend:
 A = Non-vault XP
 B = Vault XP
 C = Vault XP percentage of total XP
 D = Non-vault monster count
 E = Vault monster count
 F = Vault count percentage of total count
                 A         B        C        D         E       F
            +---------+---------+-------+---------+---------+-------
      Total |     329 |     720 |  68.6 |      91 |      76 |  45.5
            +---------+---------+-------+---------+---------+-------
        D:1 |      41 |       0 |   0.0 |      25 |       0 |   0.0
        D:2 |      76 |      37 |  32.7 |      27 |       1 |   3.6
        D:3 |      88 |      33 |  27.3 |      27 |       1 |   3.6
        D:4 |      76 |     329 |  81.2 |      10 |      26 |  72.2
        D:5 |      48 |       0 |   0.0 |       2 |       0 |   0.0
      Sewer |       0 |     321 | 100.0 |       0 |      48 | 100.0
            +---------+---------+-------+---------+---------+-------
